 Dungeon Crawl Stone Soup version 0.21-a0-143-g1ab7d47 (webtiles) character file.

37 Manul the Skirmisher (level 3, -1/33 HPs)
             Began as a Mummy Wanderer on July 25, 2017.
             Killed from afar by an orc wizard (16 damage)
             ... with a puff of flame
             ... on level 3 of the Dungeon.
             The game lasted 00:01:26 (597 turns).

Manul the Skirmisher (Mummy Wanderer)                Turns: 597, Time: 00:01:27

Health: -1/33      AC: 12    Str: 15    XL:     3   Next: 23%
Magic:  3/3        EV:  9    Int: 11    God:
Gold:   85         SH:  0    Dex: 12    Spells: 2/2 levels left

rFire    x . .     SeeInvis .   b - +0 spear
rCold    + . .     Gourm    .   (no shield)
rNeg     + + +     Faith    .   a - +2 scale mail
rPois    ∞         Spirit   .   (no helmet)
rElec    .         Reflect  .   e - +2 cloak
rCorr    .         Harm     .   d - +0 pair of gloves
MR       .....                  (no boots)
Stlth    ..........             (no amulet)
HPRegen  0.11/turn              (no ring)
MPRegen  0.08/turn              (no ring)

@: no status effects
A: no food or potions, fire vulnerability, cold resistance 1, negative energy
resistance 3, torment resistance, unbreathing
a: no special abilities


You were on level 3 of the Dungeon.
You were not hungry.

You visited 1 branch of the dungeon, and saw 3 of its levels.

You collected 85 gold pieces.

Inventory:

Hand Weapons
 b - a +0 spear (weapon)
Armour
 a - a +2 scale mail (worn)
 d - a +0 pair of gloves (worn)
 e - a +2 cloak (worn)
Scrolls
 c - 3 scrolls of teleportation
 f - a scroll of identify {unknown}
 g - a scroll of noise {unknown}
 h - a scroll of enchant weapon {unknown}


   Skills:
 + Level 5.6 Fighting
 + Level 0.8 Polearms
 - Level 1.0 Throwing
 + Level 2.4 Armour
 - Level 0.5 Dodging
   Level 1.0 Shields


You had 2 spell levels left.
You didn't know any spells.

Dungeon Overview and Level Annotations

Branches:
Dungeon (3/15)

Altars:

Annotations:
D:2 Jessica, Natasha, Sigmund


Innate Abilities, Weirdness & Mutations

You do not eat or drink.
Your flesh is vulnerable to fire.
You are immune to poison.
Your flesh is cold resistant. (rC+)
You are immune to negative energy. (rN+++)
You are immune to unholy pain and torment.
You can survive without breathing.


Message History

The orc wizard casts a spell.
The orc wizard flickers and vanishes!
As you open the door, it creaks loudly!
You hear a shout! x2
Found 17 gold pieces.
A kobold comes into view.
There is an open door here.
A giant cockroach comes into view.
The kobold hits you but does no damage.
You see here 17 gold pieces.
You hit the kobold but do no damage.
The orc throws a tomahawk.
The tomahawk hits you but does no damage.
The kobold hits you but does no damage.
You closely miss the kobold. The kobold closely misses you.
The orc hits you from afar with a trident.
A hobgoblin comes into view. It is wielding a short sword.
You barely miss the kobold. The kobold barely misses you.
You hear some strange, mumbled words.
A puff of flame appears from out of thin air!
The puff of flame hits you! The fire burns you terribly!
You die... #..?. #....## ####### #..!... ..... #.....# .sg

###.....# #K#
......... #@#
........#####{##
....?.....o.o..#
...###.#......#
#.#......#
#########)#......#
........o........#
........#>........#
........####........


You could see an orc, a giant cockroach, a hobgoblin and a kobold.

Vanquished Creatures
  3 dart slugs (D:1)
  An orc (D:3)
  5 bats (D:1)
  5 goblins
  4 hobgoblins
  3 kobolds (D:1)
  2 ball pythons
  3 frilled lizards (D:1)
  4 rats
30 creatures vanquished.

Notes
Turn   | Place    | Note
-------+----------+-------------------------------------------
     0 | D:1      | Manul the Mummy Wanderer began the quest for the Orb.
     0 | D:1      | Manul set off with: a +2 scale mail, a +0 spear, a scroll of teleportation
     0 | D:1      | Reached XP level 1. HP: 21/21 MP: 1/1
   100 | D:1      | Reached XP level 2. HP: 27/27 MP: 2/2
   416 | D:2      | Found a faded altar of an unknown god.
   478 | D:2      | Reached XP level 3. HP: 31/33 MP: 3/3
   554 | D:2      | Noticed Natasha
   555 | D:2      | Noticed Sigmund
   558 | D:2      | Noticed Jessica
   597 | D:3      | Killed from afar by an orc wizard

Vault maps used:
D:1:      scummos_arrival_forest
D:2:      lightli_temple_of_fire, chequers_ecumenical_altar_simple,
          ashenzari_altar_1, uniq_sigmund, uniq_jessica, uniq_natasha

Action                   || total
-------------------------++-------
Melee: Spear             ||   134
Armor: Scale mail        ||    71
Dodge: Dodged            ||    67
